Login

Chicago Blackhawks vs Dallas Stars

Created - 05 April 2024 at 23:13

Goals
1 2 3 T
Chicago Blackhawks 1 1 0 2
Dallas Stars 2 0 1 3
Shots
1 2 3 T
Chicago Blackhawks 14 18 6 38
Dallas Stars 16 3 9 28

GoalsPenalties
1st period
1. Dallas Stars , Joe Pavelski 3 (Nils Lundkvist 4, Thomas Harley 1) at 4:35
2. Dallas Stars , Tyler Seguin 3 (Jason Robertson 9, Joe Pavelski 8) at 12:54 (PP)
3. Chicago Blackhawks , Patrick Kane 3 (Sam Bennett 9) at 18:23 (PP)
Corey Perry (CHI) for Hooking (Minor) at 11:39
Jani Hakanpaa (DAL) for Tripping (Minor) at 18:06
2nd period
4. Chicago Blackhawks , Tyler Johnson 6 (Blake Wheeler 5, Nick Foligno 1) at 18:58 (PP)
Patrik Nemeth (CHI) for Holding (Minor) at 13:45
Mason Marchment (DAL) for High sticking (Minor) at 18:19
3rd period
5. Dallas Stars , Tyler Seguin 4 (Matt Duchene 7) at 16:14
Jani Hakanpaa (DAL) for Interference (Minor) at 9:31
Craig Smith (DAL) for Slashing (Minor) at 18:46
Goalie Stats
Joonas Korpisalo (CHI), 25 saves from 28 shots - (0.893), L, 2-7-0, 59:00 minutes
Jake Oettinger (DAL), 36 saves from 38 shots - (0.947), W, 9-3-1, 60:00 minutes
3 StarsOfficial
1 - Tyler Seguin (DAL)
2 - Joe Pavelski (DAL)
3 - Jake Oettinger (DAL)
Referees : Tim Mayer and Mike Sheehan
Linesman : Tyson Baker and James Tobias
Game Note
4:35 of 1st period - Dallas Stars goal is going for a video replay. After video review, Goal.
Derrick Pouliot is injured at 18:27 of 1st period (Sprained Right Ankle)
Matt Grzelcyk is injured at 12:25 of 3rd period (Strained Back)
Finance
Level 1 -- Attendance: 6000 (100.00%) -- Ticket Income $600,000
Level 2 -- Attendance: 4257 (85.14%) -- Ticket Income $255,420
Level 3 -- Attendance: 1956 (97.80%) -- Ticket Income $68,460
Level 4 -- Attendance: 3821 (95.53%) -- Ticket Income $95,525
Luxury Box -- Attendance: 871 (87.10%) -- Ticket Income $174,200
Game was played at the American Airlines Center.
Total Attendance: 16905 (93.92%)
Total Ticket Income: $1,193,605
Other Income: $584,866
Total Income: $1,778,471



Team Name Goals Shots Shots Attemp Shots Blocked PIM HIT PP PK FO%
Chicago Blackhawks 2387244192 / 4 (50%)139%
Dallas Stars 32850178361 / 2 (50%)261%

Chicago Blackhawks
Player Name POS G A P +/- PIM HIT SHT SB MP PP MP PP SHT PK MP PK SHT FO% FOT GA TA
Blake WheelerRW0110024016:131:3410:000100% 100
Boris KatchoukLW000-2012012:130:0002:1200% 110
Connor MurphyD000-2031023:062:5911:1100% 000
Corey PerryRW0000221113:110:0000:2000% 100
Jarred TinordiD0000040118:361:0900:3600% 000
Jonatan BerggrenRW000-2017010:010:0000:0000% 000
Kevin StenlundC000-2000012:130:0002:12038% 800
Matt GrzelcykD0000000017:462:1601:2400% 001
Nick FolignoLW0110013016:441:3400:00050% 200
Nikita ZaitsevD0000000118:180:0001:2700% 010
Patrick KaneRW1010002017:402:3410:000100% 111
Patrik NemethD0000212120:480:3000:3900% 000
Philipp KurashevC0000001013:540:0001:02044% 901
Robby FabbriLW0000023013:340:0000:4210% 031
Sam BennettC0110016017:402:3400:00060% 2010
Seth JonesD000-2011021:251:2201:1100% 000
Taylor HallLW0000003017:092:3410:0000% 001
Tyler JohnsonC1010002016:131:3410:00014% 2101
Dallas Stars
Player Name POS G A P +/- PIM HIT SHT SB MP PP MP PP SHT PK MP PK SHT FO% FOT GA TA
Craig SmithC000022007:030:0000:1600% 000
Derrick PouliotD000000127:080:4900:1700% 000
Jamie BennLW0000033017:531:1403:0100% 100
Jani HakanpaaD0000410022:241:2901:5200% 001
Jason RobertsonLW0111005124:101:4603:04017% 611
Joe PavelskiC1121023221:551:4600:49057% 700
Mason MarchmentLW0001220113:430:0000:1000% 101
Matej BlumelRW000001019:241:4600:000100% 100
Matt DucheneC0111032013:290:0000:00083% 1210
Miro HeiskanenD0000023221:350:3300:1200% 011
Nils LundkvistD0112000222:512:0103:1100% 000
Radek FaksaC0000030013:010:0000:0000% 000
Roope HintzC0001022321:311:2800:49064% 2501
Ryan SuterD0000010025:410:4000:5700% 001
Sam SteelC0000031013:010:0000:00056% 901
Thomas HarleyD0112031218:030:5601:4700% 000
Ty DellandreaC000002107:590:1400:0700% 010
Tyler SeguinC2021066114:571:2810:000100% 220

Chicago Blackhawks

5 vs 5 Forward
Line #Left WingCenterRight WingPHYDFOFWanted %Time %Time Play
1Nick FolignoSam BennettPatrick Kane1223029%15:06
2Taylor HallTyler JohnsonBlake Wheeler1223028%14:39
3Robby FabbriPhilipp KurashevCorey Perry1222224%12:52
4Boris KatchoukKevin StenlundJonatan Berggren1221819%10:01
5 vs 5 Defense
Line #DefenseDefensePHYDFOFWanted %Time %Time Play
1Connor MurphySeth Jones1223637%19:16
2Patrik NemethJarred Tinordi1223332%16:51
3Matt GrzelcykNikita Zaitsev1223131%16:31
4Connor MurphySeth Jones12200%0:00
Power Play Forward
Line #Left WingCenterRight WingPHYDFOFWanted %Time %Time Play
1Taylor HallSam BennettPatrick Kane1226062%2:34
2Nick FolignoTyler JohnsonBlake Wheeler1224038%1:34
Power Play Defense
Line #DefenseDefensePHYDFOFWanted %Time %Time Play
1Connor MurphyMatt Grzelcyk1226084%3:29
2Seth JonesJarred Tinordi1224016%0:39
Penalty Kill 4 Players Forward
Line #CenterWingPHYDFOFWanted %Time %Time Play
1Kevin StenlundBoris Katchouk1226081%2:37
2Philipp KurashevCorey Perry1224019%0:37
Penalty Kill 4 Players Defense
Line #DefenseDefensePHYDFOFWanted %Time %Time Play
1Patrik NemethNikita Zaitsev1226081%2:38
2Jarred TinordiMatt Grzelcyk1224019%0:36
Penalty Kill 3 Players
Line #WingPHYDFOFWanted %Time %Time PlayDefenseDefensePHYDFOFWanted %Time %Time Play
1Kevin Stenlund122600%0:00 Patrik NemethNikita Zaitsev122600%0:00
2Philipp Kurashev122400%0:00 Jarred TinordiMatt Grzelcyk122400%0:00
4 vs 4 Forward
Line #CenterWingPHYDFOFWanted %Time %Time Play
1Sam BennettPatrick Kane122600%0:00
2Tyler JohnsonBlake Wheeler122400%0:00
4 vs 4 Defense
Line #DefensePHYDFOFWanted %Time %Time Play
1Connor MurphySeth Jones122600%0:00
2Patrik NemethJarred Tinordi122400%0:00
Last Minutes Offensive
Left WingCenterRight WingDefenseDefense
Taylor HallSam BennettPatrick KaneSeth JonesMatt Grzelcyk
Last Minutes Defensive
Left WingCenterRight WingDefenseDefense
Nick FolignoKevin StenlundCorey PerryConnor MurphyPatrik Nemeth
Time
Total ForwardTotal DefenseLast Minutes OffensiveLast Minutes Defensive
60:00 60:00 0:000:00
Extra Forwards
Normal PowerPlayPenalty Kill
Tyler Johnson, Corey Perry, Philipp KurashevTyler Johnson, Corey PerryPhilipp Kurashev
Extra Defensemen
Normal PowerPlayPenalty Kill
Matt Grzelcyk, Nikita Zaitsev, Patrik NemethMatt Grzelcyk, Nikita ZaitsevPatrik Nemeth
Penalty Shots
Patrick Kane, Blake Wheeler, Sam Bennett, Taylor Hall, Nick Foligno
Goalie
Joonas Korpisalo, David Rittich
Custom OT Lines Forwards
Patrick Kane, Blake Wheeler, Sam Bennett, Taylor Hall, Nick Foligno, Tyler Johnson, Corey Perry, Philipp Kurashev, Robby Fabbri, Jonatan Berggren
Custom OT Lines Defensemen
Seth Jones, Connor Murphy, Matt Grzelcyk, Patrik Nemeth, Jarred Tinordi
Scratches
Joey Anderson (Healthy), Sam Carrick (Healthy)

Dallas Stars

5 vs 5 Forward
Line #Left WingCenterRight WingPHYDFOFWanted %Time %Time Play
1Jason RobertsonRoope HintzJoe Pavelski1224037%19:25
2Jamie BennSam SteelRadek Faksa1222525%13:01
3Mason MarchmentMatt DucheneTyler Seguin1222526%13:29
4Ty DellandreaCraig SmithMatej Blumel1221013%6:43
5 vs 5 Defense
Line #DefenseDefensePHYDFOFWanted %Time %Time Play
1Miro HeiskanenDerrick Pouliot1224042%22:17
2Jani HakanpaaRyan Suter1223028%14:29
3Thomas HarleyNils Lundkvist1222026%13:40
4Miro HeiskanenRyan Suter122104%2:12
Power Play Forward
Line #Left WingCenterRight WingPHYDFOFWanted %Time %Time Play
1Jason RobertsonJoe PavelskiMatej Blumel1226055%1:46
2Jamie BennRoope HintzTyler Seguin1224045%1:28
Power Play Defense
Line #DefenseDefensePHYDFOFWanted %Time %Time Play
1Derrick PouliotNils Lundkvist1226079%2:34
2Jani HakanpaaRyan Suter1224021%0:40
Penalty Kill 4 Players Forward
Line #CenterWingPHYDFOFWanted %Time %Time Play
1Jason RobertsonJamie Benn1226080%3:19
2Joe PavelskiRoope Hintz1224020%0:49
Penalty Kill 4 Players Defense
Line #DefenseDefensePHYDFOFWanted %Time %Time Play
1Nils LundkvistDerrick Pouliot1226077%3:11
2Jani HakanpaaRyan Suter1224023%0:57
Penalty Kill 3 Players
Line #WingPHYDFOFWanted %Time %Time PlayDefenseDefensePHYDFOFWanted %Time %Time Play
1Jason Robertson122600%0:00 Nils LundkvistDerrick Pouliot122600%0:00
2Jamie Benn122400%0:00 Jani HakanpaaRyan Suter122400%0:00
4 vs 4 Forward
Line #CenterWingPHYDFOFWanted %Time %Time Play
1Jason RobertsonJamie Benn122600%0:00
2Joe PavelskiRoope Hintz122400%0:00
4 vs 4 Defense
Line #DefensePHYDFOFWanted %Time %Time Play
1Miro HeiskanenNils Lundkvist122600%0:00
2Jani HakanpaaRyan Suter122400%0:00
Last Minutes Offensive
Left WingCenterRight WingDefenseDefense
Jason RobertsonJoe PavelskiMatej BlumelMiro HeiskanenDerrick Pouliot
Last Minutes Defensive
Left WingCenterRight WingDefenseDefense
Jason RobertsonJoe PavelskiMatej BlumelMiro HeiskanenDerrick Pouliot
Time
Total ForwardTotal DefenseLast Minutes OffensiveLast Minutes Defensive
60:00 60:00 0:000:00
Extra Forwards
Normal PowerPlayPenalty Kill
Sam Steel, Ty Dellandrea, Craig SmithSam Steel, Ty DellandreaCraig Smith
Extra Defensemen
Normal PowerPlayPenalty Kill
Ryan Suter, Nils Lundkvist, Jani HakanpaaJani Hakanpaa, Nils LundkvistJani Hakanpaa
Penalty Shots
Jason Robertson, Jamie Benn, Joe Pavelski, Roope Hintz, Matt Duchene
Goalie
Jake Oettinger, Scott Wedgewood
Custom OT Lines Forwards
Jason Robertson, Jamie Benn, Joe Pavelski, Roope Hintz, Matt Duchene, Tyler Seguin, Radek Faksa, Mason Marchment, Sam Steel, Ty Dellandrea
Custom OT Lines Defensemen
Derrick Pouliot, Thomas Harley, Jani Hakanpaa, Ryan Suter, Nils Lundkvist
Scratches
Gavin Bayreuther (Suspend), Esa Lindell (Suspend)


Play-by-Play

1st period


0:01 of 1st period - Roope Hintz wins face-off versus Nick Foligno in neutral zone.
0:10 of 1st period - Snap shot by Roope Hintz.
0:10 of 1st period - Shot Misses the Net.
0:12 of 1st period - Slapshot by Derrick Pouliot.
0:12 of 1st period - Deflect By Seth Jones.
0:12 of 1st period - Stopped by Joonas Korpisalo without a rebound.
0:13 of 1st period - Sam Steel wins face-off versus Tyler Johnson in Chicago Blackhawks zone.
0:30 of 1st period - Wrist shot by Sam Steel.
0:30 of 1st period - Stopped by Joonas Korpisalo without a rebound.
0:31 of 1st period - Matt Duchene wins face-off versus Philipp Kurashev in Chicago Blackhawks zone.
2:25 of 1st period - Snap shot by Matt Duchene.
2:25 of 1st period - Shot Misses the Net.
3:09 of 1st period - Miro Heiskanen is hit by Jarred Tinordi and loses puck.
3:14 of 1st period - Snap shot by Blake Wheeler.
3:14 of 1st period - Shot Misses the Net.
3:34 of 1st period - Slapshot by Miro Heiskanen.
3:34 of 1st period - Stopped by Joonas Korpisalo without a rebound.
3:35 of 1st period - Tyler Seguin wins face-off versus Sam Bennett in Chicago Blackhawks zone.
3:51 of 1st period - Icing by Jani Hakanpaa.
3:52 of 1st period - Matt Duchene wins face-off versus Tyler Johnson in Dallas Stars zone.
3:52 of 1st period - Matt Duchene is hit by Blake Wheeler.
4:18 of 1st period - Wrist shot by Tyler Seguin.
4:18 of 1st period - Stopped by Joonas Korpisalo with a rebound.
4:23 of 1st period - Off-side.
4:24 of 1st period - Roope Hintz wins face-off versus Boris Katchouk in neutral zone.
4:27 of 1st period - Snap shot by Jason Robertson.
4:27 of 1st period - Shot Misses the Net.
4:29 of 1st period - Slapshot by Thomas Harley.
4:29 of 1st period - Stopped by Joonas Korpisalo with a rebound.
4:31 of 1st period - Slapshot by Joe Pavelski.
4:31 of 1st period - Stopped by Joonas Korpisalo with a rebound.
4:33 of 1st period - Slapshot by Nils Lundkvist.
4:33 of 1st period - Shot Misses the Net.
4:35 of 1st period - Snap shot by Joe Pavelski.
4:35 of 1st period - Dallas Stars goal is going for a video replay.
4:35 of 1st period - The goal is good.
4:35 of 1st period - Goal by Joe Pavelski - Chicago Blackhawks : 0 - Dallas Stars : 1.
4:36 of 1st period - Patrick Kane wins face-off versus Roope Hintz in neutral zone.
4:47 of 1st period - Slapshot by Patrick Kane.
4:47 of 1st period - Deflect By Sam Bennett.
4:47 of 1st period - Shot Misses the Net.
4:47 of 1st period - Puck is out of play.
4:48 of 1st period - Sam Steel wins face-off versus Sam Bennett in Dallas Stars zone.
4:58 of 1st period - Off-side.
4:59 of 1st period - Roope Hintz wins face-off versus Philipp Kurashev in neutral zone.
5:04 of 1st period - Slapshot by Jason Robertson.
5:04 of 1st period - Stopped by Joonas Korpisalo without a rebound.
5:05 of 1st period - Roope Hintz wins face-off versus Philipp Kurashev in Chicago Blackhawks zone.
5:35 of 1st period - Slapshot by Jonatan Berggren.
5:35 of 1st period - Stopped by Jake Oettinger without a rebound.
5:36 of 1st period - Kevin Stenlund wins face-off versus Sam Steel in Dallas Stars zone.
5:41 of 1st period - Wrist shot by Jonatan Berggren.
5:41 of 1st period - Shot Blocked by Thomas Harley.
5:45 of 1st period - Snap shot by Jonatan Berggren.
5:45 of 1st period - Stopped by Jake Oettinger without a rebound.
5:46 of 1st period - Sam Steel wins face-off versus Tyler Johnson in Dallas Stars zone.
5:51 of 1st period - Wrist shot by Sam Steel.
5:51 of 1st period - Shot Misses the Net.
5:53 of 1st period - Wrist shot by Jamie Benn.
5:53 of 1st period - Shot Misses the Net.
5:55 of 1st period - Slapshot by Thomas Harley.
5:55 of 1st period - Deflect By Jamie Benn.
5:55 of 1st period - Stopped by Joonas Korpisalo without a rebound.
5:56 of 1st period - Roope Hintz wins face-off versus Tyler Johnson in Chicago Blackhawks zone.
6:01 of 1st period - Snap shot by Jason Robertson.
6:01 of 1st period - Stopped by Joonas Korpisalo with a rebound.
6:03 of 1st period - Wrist shot by Joe Pavelski.
6:03 of 1st period - Shot Misses the Net.
6:05 of 1st period - Snap shot by Joe Pavelski.
6:05 of 1st period - Shot Misses the Net.
6:11 of 1st period - Snap shot by Jason Robertson.
6:11 of 1st period - Shot Misses the Net.
6:23 of 1st period - Jani Hakanpaa is hit by Sam Bennett and loses puck.
7:13 of 1st period - Seth Jones is hit by Matt Duchene and loses puck.
8:01 of 1st period - Seth Jones is hit by Jamie Benn and loses puck.
8:31 of 1st period - Icing by Taylor Hall.
8:32 of 1st period - Roope Hintz wins face-off versus Tyler Johnson in Chicago Blackhawks zone.
8:53 of 1st period - Slapshot by Seth Jones.
8:53 of 1st period - Shot Blocked by Jason Robertson.
9:12 of 1st period - Off-side.
9:13 of 1st period - Matt Duchene wins face-off versus Sam Bennett in neutral zone.
9:37 of 1st period - Icing by Patrik Nemeth.
9:38 of 1st period - Sam Steel wins face-off versus Corey Perry in Chicago Blackhawks zone.
10:35 of 1st period - Snap shot by Sam Bennett.
10:35 of 1st period - Stopped by Jake Oettinger with a rebound.
10:37 of 1st period - Snap shot by Patrick Kane.
10:37 of 1st period - Deflect By Sam Bennett.
10:37 of 1st period - Stopped by Jake Oettinger with a rebound.
10:49 of 1st period - Ryan Suter is hit by Connor Murphy and loses puck.
11:06 of 1st period - Connor Murphy is hit by Radek Faksa.
11:20 of 1st period - Snap shot by Jason Robertson.
11:20 of 1st period - Stopped by Joonas Korpisalo without a rebound.
11:21 of 1st period - Philipp Kurashev wins face-off versus Roope Hintz in Chicago Blackhawks zone.
11:39 of 1st period - Minor Penalty to Corey Perry for Hooking.
11:40 of 1st period - Matej Blumel wins face-off versus Kevin Stenlund in Chicago Blackhawks zone.
12:28 of 1st period - Philipp Kurashev is hit by Tyler Seguin.
12:38 of 1st period - Snap shot by Robby Fabbri.
12:38 of 1st period - Stopped by Jake Oettinger without a rebound.
12:39 of 1st period - Kevin Stenlund wins face-off versus Joe Pavelski in Dallas Stars zone.
12:52 of 1st period - Snap shot by Jason Robertson.
12:52 of 1st period - Shot Misses the Net.
12:54 of 1st period - Slapshot by Tyler Seguin.
12:54 of 1st period - Goal by Tyler Seguin - Chicago Blackhawks : 0 - Dallas Stars : 2.
12:55 of 1st period - Roope Hintz wins face-off versus Sam Bennett in neutral zone.
13:02 of 1st period - Wrist shot by Patrick Kane.
13:02 of 1st period - Shot Misses the Net.
13:04 of 1st period - Snap shot by Nick Foligno.
13:04 of 1st period - Shot Blocked by Derrick Pouliot.
13:24 of 1st period - Snap shot by Philipp Kurashev.
13:24 of 1st period - Stopped by Jake Oettinger without a rebound.
13:25 of 1st period - Philipp Kurashev wins face-off versus Matt Duchene in Dallas Stars zone.
14:03 of 1st period - Wrist shot by Tyler Seguin.
14:03 of 1st period - Stopped by Joonas Korpisalo without a rebound.
14:04 of 1st period - Sam Bennett wins face-off versus Roope Hintz in Chicago Blackhawks zone.
14:17 of 1st period - Backhand shot by Patrick Kane.
14:17 of 1st period - Shot Blocked by Miro Heiskanen.
15:10 of 1st period - Snap shot by Miro Heiskanen.
15:10 of 1st period - Stopped by Joonas Korpisalo with a rebound.
15:22 of 1st period - Snap shot by Jonatan Berggren.
15:22 of 1st period - Shot Blocked by Tyler Seguin.
15:24 of 1st period - Snap shot by Kevin Stenlund.
15:24 of 1st period - Shot Misses the Net.
15:26 of 1st period - Slapshot by Boris Katchouk.
15:26 of 1st period - Stopped by Jake Oettinger without a rebound.
15:27 of 1st period - Nick Foligno wins face-off versus Jason Robertson in Dallas Stars zone.
16:19 of 1st period - Snap shot by Jamie Benn.
16:19 of 1st period - Shot Blocked by Jarred Tinordi.
17:43 of 1st period - Snap shot by Jamie Benn.
17:43 of 1st period - Stopped by Joonas Korpisalo without a rebound.
17:44 of 1st period - Philipp Kurashev wins face-off versus Sam Steel in Chicago Blackhawks zone.
17:53 of 1st period - Jamie Benn is hit by Robby Fabbri and loses puck.
18:00 of 1st period - Slapshot by Philipp Kurashev.
18:00 of 1st period - Shot Misses the Net.
18:06 of 1st period - Minor Penalty to Jani Hakanpaa for Tripping.
18:07 of 1st period - Jason Robertson wins face-off versus Sam Bennett in Dallas Stars zone.
18:23 of 1st period - Slapshot by Sam Bennett.
18:23 of 1st period - Deflect By Patrick Kane.
18:23 of 1st period - Goal by Patrick Kane - Chicago Blackhawks : 1 - Dallas Stars : 2.
18:24 of 1st period - Sam Bennett wins face-off versus Roope Hintz in neutral zone.
18:27 of 1st period - Snap shot by Patrick Kane.
18:27 of 1st period - Shot Blocked by Derrick Pouliot.
18:27 of 1st period - Derrick Pouliot from Dallas Stars is injured at 18:27 of 1st period (Sprained Right Ankle).
18:28 of 1st period - Sam Bennett wins face-off versus Roope Hintz in Dallas Stars zone.
18:36 of 1st period - Snap shot by Sam Bennett.
18:36 of 1st period - Stopped by Jake Oettinger without a rebound.
18:37 of 1st period - Sam Bennett wins face-off versus Roope Hintz in Dallas Stars zone.
18:38 of 1st period - Snap shot by Patrick Kane.
18:38 of 1st period - Deflect By Nick Foligno.
18:38 of 1st period - Stopped by Jake Oettinger with a rebound.
18:40 of 1st period - Snap shot by Patrick Kane.
18:40 of 1st period - Shot Blocked by Joe Pavelski.
18:42 of 1st period - Snap shot by Nick Foligno.
18:42 of 1st period - Stopped by Jake Oettinger with a rebound.
18:44 of 1st period - Snap shot by Matt Grzelcyk.
18:44 of 1st period - Deflect By Patrick Kane.
18:44 of 1st period - Shot Blocked by Miro Heiskanen.
18:44 of 1st period - Puck is out of play.
18:45 of 1st period - Roope Hintz wins face-off versus Tyler Johnson in Dallas Stars zone.
19:18 of 1st period - Backhand shot by Patrick Kane.
19:18 of 1st period - Shot Misses the Net.
19:20 of 1st period - Snap shot by Patrik Nemeth.
19:20 of 1st period - Stopped by Jake Oettinger without a rebound.
19:21 of 1st period - Sam Bennett wins face-off versus Mason Marchment in Dallas Stars zone.
19:28 of 1st period - Wrist shot by Tyler Seguin.
19:28 of 1st period - Stopped by Joonas Korpisalo without a rebound.
19:29 of 1st period - Matt Duchene wins face-off versus Tyler Johnson in Chicago Blackhawks zone.
19:38 of 1st period - Snap shot by Blake Wheeler.
19:38 of 1st period - Stopped by Jake Oettinger with a rebound.
19:40 of 1st period - Slapshot by Seth Jones.
19:40 of 1st period - Deflect By Blake Wheeler.
19:40 of 1st period - Shot Blocked by Nils Lundkvist.
19:40 of 1st period - Puck is out of play.
19:41 of 1st period - Sam Bennett wins face-off versus Roope Hintz in Dallas Stars zone.
19:52 of 1st period - Snap shot by Sam Bennett.
19:52 of 1st period - Shot Blocked by Joe Pavelski.
19:56 of 1st period - Snap shot by Sam Bennett.
19:56 of 1st period - Shot Misses the Net.
19:58 of 1st period - Slapshot by Nick Foligno.
19:58 of 1st period - Stopped by Jake Oettinger without a rebound.
19:59 of 1st period - Matt Duchene wins face-off versus Tyler Johnson in Dallas Stars zone.
Goals for this period are 1 for Chicago Blackhawks vs 2 for Dallas Stars.
Shots for this period are 14 for Chicago Blackhawks vs 16 for Dallas Stars.

2nd period


0:01 of 2nd period - Roope Hintz wins face-off versus Tyler Johnson in neutral zone.
0:51 of 2nd period - Sam Bennett is hit by Mason Marchment and loses puck.
1:16 of 2nd period - Wrist shot by Philipp Kurashev.
1:16 of 2nd period - Shot Misses the Net.
1:35 of 2nd period - Snap shot by Tyler Johnson.
1:35 of 2nd period - Shot Blocked by Matej Blumel.
1:37 of 2nd period - Wrist shot by Blake Wheeler.
1:37 of 2nd period - Stopped by Jake Oettinger with a rebound.
1:39 of 2nd period - Backhand shot by Tyler Johnson.
1:39 of 2nd period - Shot Misses the Net.
1:45 of 2nd period - Tyler Johnson is hit by Matej Blumel.
1:59 of 2nd period - Wrist shot by Matt Duchene.
1:59 of 2nd period - Stopped by Joonas Korpisalo with a rebound.
2:05 of 2nd period - Wrist shot by Tyler Seguin.
2:05 of 2nd period - Shot Misses the Net.
2:17 of 2nd period - Snap shot by Sam Bennett.
2:17 of 2nd period - Stopped by Jake Oettinger without a rebound.
2:18 of 2nd period - Sam Bennett wins face-off versus Jamie Benn in Dallas Stars zone.
2:21 of 2nd period - Wrist shot by Sam Bennett.
2:21 of 2nd period - Stopped by Jake Oettinger without a rebound.
2:22 of 2nd period - Roope Hintz wins face-off versus Tyler Johnson in Dallas Stars zone.
3:19 of 2nd period - Snap shot by Sam Bennett.
3:19 of 2nd period - Stopped by Jake Oettinger with a rebound.
3:25 of 2nd period - Nikita Zaitsev is hit by Tyler Seguin and loses puck.
3:36 of 2nd period - Matt Grzelcyk is hit by Craig Smith and loses puck.
4:04 of 2nd period - Tyler Johnson is hit by Jani Hakanpaa and loses puck.
4:23 of 2nd period - Jamie Benn is hit by Corey Perry and loses puck.
4:46 of 2nd period - Snap shot by Tyler Seguin.
4:46 of 2nd period - Shot Misses the Net.
5:45 of 2nd period - Slapshot by Philipp Kurashev.
5:45 of 2nd period - Deflect By Robby Fabbri.
5:45 of 2nd period - Stopped by Jake Oettinger with a rebound.
5:55 of 2nd period - Craig Smith is hit by Jarred Tinordi and loses puck.
6:08 of 2nd period - Sam Bennett is hit by Miro Heiskanen and loses puck.
6:21 of 2nd period - Mason Marchment is hit by Nick Foligno and loses puck.
6:32 of 2nd period - Slapshot by Jamie Benn.
6:32 of 2nd period - Stopped by Joonas Korpisalo with a rebound.
6:46 of 2nd period - Matt Grzelcyk is hit by Sam Steel and loses puck.
7:03 of 2nd period - Wrist shot by Boris Katchouk.
7:03 of 2nd period - Shot Misses the Net.
7:05 of 2nd period - Snap shot by Kevin Stenlund.
7:05 of 2nd period - Shot Blocked by Roope Hintz.
7:07 of 2nd period - Wrist shot by Jonatan Berggren.
7:07 of 2nd period - Stopped by Jake Oettinger with a rebound.
7:09 of 2nd period - Slapshot by Nikita Zaitsev.
7:09 of 2nd period - Shot Blocked by Thomas Harley.
7:21 of 2nd period - Jarred Tinordi is hit by Ty Dellandrea.
7:40 of 2nd period - Wrist shot by Taylor Hall.
7:40 of 2nd period - Stopped by Jake Oettinger with a rebound.
8:17 of 2nd period - Patrik Nemeth is hit by Miro Heiskanen and loses puck.
8:47 of 2nd period - Seth Jones is hit by Radek Faksa and loses puck.
9:40 of 2nd period - Blake Wheeler is hit by Tyler Seguin and loses puck.
9:55 of 2nd period - Slapshot by Patrick Kane.
9:55 of 2nd period - Shot Misses the Net.
10:15 of 2nd period - Snap shot by Patrick Kane.
10:15 of 2nd period - Shot Misses the Net.
10:17 of 2nd period - Slapshot by Matt Grzelcyk.
10:17 of 2nd period - Shot Blocked by Mason Marchment.
10:19 of 2nd period - Snap shot by Jonatan Berggren.
10:19 of 2nd period - Stopped by Jake Oettinger without a rebound.
10:20 of 2nd period - Kevin Stenlund wins face-off versus Roope Hintz in Dallas Stars zone.
10:31 of 2nd period - Snap shot by Boris Katchouk.
10:31 of 2nd period - Shot Blocked by Roope Hintz.
10:35 of 2nd period - Slapshot by Jonatan Berggren.
10:35 of 2nd period - Shot Blocked by Roope Hintz.
10:37 of 2nd period - Snap shot by Boris Katchouk.
10:37 of 2nd period - Shot Misses the Net.
10:39 of 2nd period - Snap shot by Jonatan Berggren.
10:39 of 2nd period - Shot Misses the Net.
10:49 of 2nd period - Slapshot by Seth Jones.
10:49 of 2nd period - Stopped by Jake Oettinger with a rebound.
10:51 of 2nd period - Wrist shot by Boris Katchouk.
10:51 of 2nd period - Stopped by Jake Oettinger without a rebound.
10:52 of 2nd period - Matt Duchene wins face-off versus Tyler Johnson in Dallas Stars zone.
11:05 of 2nd period - Snap shot by Blake Wheeler.
11:05 of 2nd period - Stopped by Jake Oettinger with a rebound.
11:07 of 2nd period - Slapshot by Seth Jones.
11:07 of 2nd period - Deflect By Taylor Hall.
11:07 of 2nd period - Stopped by Jake Oettinger without a rebound.
11:08 of 2nd period - Sam Bennett wins face-off versus Joe Pavelski in Dallas Stars zone.
11:23 of 2nd period - Snap shot by Patrick Kane.
11:23 of 2nd period - Shot Misses the Net.
11:25 of 2nd period - Slapshot by Patrik Nemeth.
11:25 of 2nd period - Stopped by Jake Oettinger with a rebound.
13:22 of 2nd period - Sam Bennett is hit by Sam Steel and loses puck.
13:45 of 2nd period - Minor Penalty to Patrik Nemeth for Holding.
13:46 of 2nd period - Joe Pavelski wins face-off versus Kevin Stenlund in Chicago Blackhawks zone.
15:17 of 2nd period - Icing by Miro Heiskanen.
15:18 of 2nd period - Roope Hintz wins face-off versus Philipp Kurashev in Dallas Stars zone.
15:45 of 2nd period - Penalty to Patrik Nemeth is over, Patrik Nemeth is back on ice.
16:11 of 2nd period - Jarred Tinordi is hit by Matt Duchene and loses puck.
16:26 of 2nd period - Jarred Tinordi is hit by Ty Dellandrea and loses puck.
17:15 of 2nd period - Ryan Suter is hit by Jonatan Berggren and loses puck.
17:20 of 2nd period - Snap shot by Jonatan Berggren.
17:20 of 2nd period - Stopped by Jake Oettinger with a rebound.
17:22 of 2nd period - Wrist shot by Jonatan Berggren.
17:22 of 2nd period - Stopped by Jake Oettinger without a rebound.
17:23 of 2nd period - Roope Hintz wins face-off versus Tyler Johnson in Dallas Stars zone.
17:36 of 2nd period - Wrist shot by Jason Robertson.
17:36 of 2nd period - Stopped by Joonas Korpisalo without a rebound.
17:37 of 2nd period - Roope Hintz wins face-off versus Tyler Johnson in Chicago Blackhawks zone.
17:57 of 2nd period - Joe Pavelski is hit by Blake Wheeler and loses puck.
18:16 of 2nd period - Snap shot by Corey Perry.
18:16 of 2nd period - Stopped by Jake Oettinger without a rebound.
18:17 of 2nd period - Matt Duchene wins face-off versus Sam Bennett in Dallas Stars zone.
18:19 of 2nd period - Minor Penalty to Mason Marchment for High sticking.
18:20 of 2nd period - Sam Bennett wins face-off versus Jason Robertson in Dallas Stars zone.
18:52 of 2nd period - Snap shot by Blake Wheeler.
18:52 of 2nd period - Shot Blocked by Nils Lundkvist.
18:54 of 2nd period - Snap shot by Connor Murphy.
18:54 of 2nd period - Shot Misses the Net.
18:56 of 2nd period - Slapshot by Nick Foligno.
18:56 of 2nd period - Deflect By Blake Wheeler.
18:56 of 2nd period - Stopped by Jake Oettinger with a rebound.
18:58 of 2nd period - Snap shot by Tyler Johnson.
18:58 of 2nd period - Goal by Tyler Johnson - Chicago Blackhawks : 2 - Dallas Stars : 2.
18:59 of 2nd period - Tyler Seguin wins face-off versus Tyler Johnson in neutral zone.
19:15 of 2nd period - Slapshot by Tyler Seguin.
19:15 of 2nd period - Shot Misses the Net.
19:25 of 2nd period - Roope Hintz is hit by Jarred Tinordi and loses puck.
19:36 of 2nd period - Wrist shot by Roope Hintz.
19:36 of 2nd period - Shot Misses the Net.
19:50 of 2nd period - Robby Fabbri is hit by Radek Faksa and loses puck.
Goals for this period are 1 for Chicago Blackhawks vs 0 for Dallas Stars.
Shots for this period are 18 for Chicago Blackhawks vs 3 for Dallas Stars.

3rd period


0:01 of 3rd period - Joe Pavelski wins face-off versus Tyler Johnson in neutral zone.
0:30 of 3rd period - Snap shot by Matt Duchene.
0:30 of 3rd period - Stopped by Joonas Korpisalo without a rebound.
0:31 of 3rd period - Philipp Kurashev wins face-off versus Matt Duchene in Chicago Blackhawks zone.
0:35 of 3rd period - Off-side.
0:36 of 3rd period - Roope Hintz wins face-off versus Philipp Kurashev in neutral zone.
0:49 of 3rd period - Wrist shot by Joe Pavelski.
0:49 of 3rd period - Stopped by Joonas Korpisalo without a rebound.
0:50 of 3rd period - Tyler Johnson wins face-off versus Roope Hintz in Chicago Blackhawks zone.
0:55 of 3rd period - Wrist shot by Tyler Johnson.
0:55 of 3rd period - Stopped by Jake Oettinger with a rebound.
1:46 of 3rd period - Slapshot by Miro Heiskanen.
1:46 of 3rd period - Stopped by Joonas Korpisalo with a rebound.
2:00 of 3rd period - Seth Jones is hit by Roope Hintz and loses puck.
2:51 of 3rd period - Sam Bennett is hit by Jamie Benn and loses puck.
3:06 of 3rd period - Philipp Kurashev is hit by Matt Duchene and loses puck.
3:17 of 3rd period - Jarred Tinordi is hit by Thomas Harley and loses puck.
4:13 of 3rd period - Ryan Suter is hit by Corey Perry and loses puck.
4:18 of 3rd period - Snap shot by Robby Fabbri.
4:18 of 3rd period - Stopped by Jake Oettinger without a rebound.
4:19 of 3rd period - Tyler Johnson wins face-off versus Sam Steel in Dallas Stars zone.
5:00 of 3rd period - Wrist shot by Tyler Seguin.
5:00 of 3rd period - Stopped by Joonas Korpisalo with a rebound.
5:10 of 3rd period - Jani Hakanpaa is hit by Boris Katchouk.
5:16 of 3rd period - Jarred Tinordi is hit by Craig Smith and loses puck.
5:31 of 3rd period - Taylor Hall is hit by Jamie Benn and loses puck.
5:57 of 3rd period - Patrick Kane is hit by Tyler Seguin.
6:39 of 3rd period - Sam Steel is hit by Robby Fabbri.
6:43 of 3rd period - Jarred Tinordi is hit by Thomas Harley and loses puck.
6:50 of 3rd period - Connor Murphy is hit by Sam Steel and loses puck.
7:06 of 3rd period - Connor Murphy is hit by Ryan Suter and loses puck.
7:26 of 3rd period - Blake Wheeler is hit by Tyler Seguin and loses puck.
7:43 of 3rd period - Jani Hakanpaa is hit by Jarred Tinordi and loses puck.
7:48 of 3rd period - Wrist shot by Jonatan Berggren.
7:48 of 3rd period - Stopped by Jake Oettinger without a rebound.
7:49 of 3rd period - Joe Pavelski wins face-off versus Sam Bennett in Dallas Stars zone.
7:49 of 3rd period - Joe Pavelski is hit by Seth Jones.
8:26 of 3rd period - Taylor Hall is hit by Mason Marchment and loses puck.
9:31 of 3rd period - Minor Penalty to Jani Hakanpaa for Interference.
9:32 of 3rd period - Sam Bennett wins face-off versus Jason Robertson in Dallas Stars zone.
9:42 of 3rd period - Snap shot by Sam Bennett.
9:42 of 3rd period - Deflect By Taylor Hall.
9:42 of 3rd period - Stopped by Jake Oettinger with a rebound.
9:44 of 3rd period - Slapshot by Connor Murphy.
9:44 of 3rd period - Stopped by Jake Oettinger without a rebound.
9:45 of 3rd period - Sam Bennett wins face-off versus Jason Robertson in Dallas Stars zone.
10:11 of 3rd period - Jamie Benn is hit by Connor Murphy and loses puck.
10:21 of 3rd period - Off-side.
10:22 of 3rd period - Joe Pavelski wins face-off versus Tyler Johnson in neutral zone.
11:31 of 3rd period - Penalty to Jani Hakanpaa is over, Jani Hakanpaa is back on ice.
11:41 of 3rd period - Slapshot by Miro Heiskanen.
11:41 of 3rd period - Shot Misses the Net.
12:04 of 3rd period - Snap shot by Miro Heiskanen.
12:04 of 3rd period - Shot Blocked by Patrik Nemeth.
12:06 of 3rd period - Snap shot by Craig Smith.
12:06 of 3rd period - Shot Misses the Net.
12:08 of 3rd period - Snap shot by Ty Dellandrea.
12:08 of 3rd period - Stopped by Joonas Korpisalo with a rebound.
12:14 of 3rd period - Snap shot by Philipp Kurashev.
12:14 of 3rd period - Shot Misses the Net.
12:24 of 3rd period - Matt Grzelcyk is hit by Joe Pavelski and loses puck.
12:25 of 3rd period - Matt Grzelcyk from Chicago Blackhawks is injured at 12:25 of 3rd period (Strained Back).
12:26 of 3rd period - Roope Hintz wins face-off versus Tyler Johnson in Chicago Blackhawks zone.
12:33 of 3rd period - Slapshot by Roope Hintz.
12:33 of 3rd period - Stopped by Joonas Korpisalo without a rebound.
12:34 of 3rd period - Roope Hintz wins face-off versus Tyler Johnson in Chicago Blackhawks zone.
13:05 of 3rd period - Wrist shot by Jason Robertson.
13:05 of 3rd period - Deflect By Joe Pavelski.
13:05 of 3rd period - Shot Misses the Net.
13:05 of 3rd period - Puck is out of play.
13:06 of 3rd period - Sam Steel wins face-off versus Sam Bennett in Chicago Blackhawks zone.
13:56 of 3rd period - Icing by Joe Pavelski.
13:57 of 3rd period - Tyler Johnson wins face-off versus Joe Pavelski in Dallas Stars zone.
14:24 of 3rd period - Nils Lundkvist is hit by Connor Murphy.
14:39 of 3rd period - Snap shot by Jason Robertson.
14:39 of 3rd period - Shot Misses the Net.
14:41 of 3rd period - Backhand shot by Nils Lundkvist.
14:41 of 3rd period - Shot Blocked by Corey Perry.
15:00 of 3rd period - Wrist shot by Roope Hintz.
15:00 of 3rd period - Shot Blocked by Nikita Zaitsev.
15:02 of 3rd period - Slapshot by Ryan Suter.
15:02 of 3rd period - Deflect By Jason Robertson.
15:02 of 3rd period - Stopped by Joonas Korpisalo with a rebound.
15:28 of 3rd period - Jani Hakanpaa is hit by Patrik Nemeth and loses puck.
15:37 of 3rd period - Nikita Zaitsev is hit by Roope Hintz and loses puck.
15:58 of 3rd period - Snap shot by Roope Hintz.
15:58 of 3rd period - Stopped by Joonas Korpisalo without a rebound.
15:59 of 3rd period - Matt Duchene wins face-off versus Kevin Stenlund in Chicago Blackhawks zone.
16:14 of 3rd period - Snap shot by Tyler Seguin.
16:14 of 3rd period - Goal by Tyler Seguin - Chicago Blackhawks : 2 - Dallas Stars : 3.
16:15 of 3rd period - Matt Duchene wins face-off versus Kevin Stenlund in neutral zone.
16:18 of 3rd period - Connor Murphy is hit by Tyler Seguin and loses puck.
17:03 of 3rd period - Icing by Jani Hakanpaa.
17:04 of 3rd period - Blake Wheeler wins face-off versus Sam Steel in Dallas Stars zone.
17:40 of 3rd period - Wrist shot by Patrick Kane.
17:40 of 3rd period - Stopped by Jake Oettinger without a rebound.
17:41 of 3rd period - Matt Duchene wins face-off versus Kevin Stenlund in Dallas Stars zone.
18:07 of 3rd period - Robby Fabbri is hit by Joe Pavelski and loses puck.
18:37 of 3rd period - Nick Foligno is hit by Thomas Harley and loses puck.
18:46 of 3rd period - Minor Penalty to Craig Smith for Slashing.
18:47 of 3rd period - Sam Bennett wins face-off versus Jason Robertson in Dallas Stars zone.
19:00 of 3rd period - Chicago Blackhawks, Joonas Korpisalo is pulled from the net.
Goals for this period are 0 for Chicago Blackhawks vs 1 for Dallas Stars.
Shots for this period are 6 for Chicago Blackhawks vs 9 for Dallas Stars.